 Dungeon Crawl Stone Soup version 0.23-a0-642-g3120c2f (webtiles) character file.

1623 zishaf the Arsonist (level 8, -1/41 HPs)
             Began as a Deep Elf Fire Elementalist on Dec 30, 2018.
             Was a Follower of Vehumet.
             Slain by a fire bat (shapeshifter) (6 damage)
             ... on level 8 of the Dungeon.
             The game lasted 00:14:37 (7523 turns).

zishaf the Arsonist (Deep Elf Fire Elementalist)    Turns: 7523, Time: 00:14:37

Health: -1/41      AC:  3    Str:  5    XL:     8   Next: 65%
Magic:  13/16      EV: 13    Int: 23    God:    Vehumet [*.....]
Gold:   117        SH:  0    Dex: 15    Spells: 2/15 levels left

rFire    . . .     SeeInvis .   a - +1 whip (freeze)
rCold    . . .     Gourm    .   (no shield)
rNeg     . . .     Faith    .   e - +0 robe
rPois    .         Spirit   .   (no helmet)
rElec    .         Reflect  .   (no cloak)
rCorr    .         Harm     .   o - +0 pair of gloves
MR       .....                  (no boots)
Stlth    ++........             (no amulet)
HPRegen  0.13/turn              f - -3 ring of evasion (curse)
MPRegen  0.15/turn              m - +3 ring of slaying

@: no status effects
A: no striking features
a: Renounce Religion


You were on level 8 of the Dungeon.
You worshipped Vehumet.
Vehumet was aware of your devotion.
You were not hungry.

You visited 2 branches of the dungeon, and saw 7 of its levels.

You collected 117 gold pieces.

Inventory:

Hand Weapons
 a - a +1 whip of freezing (weapon)
Armour
 e - a +0 robe (worn)
 o - a +0 pair of gloves (worn)
Jewellery
 f - a cursed -3 ring of evasion (left hand)
 m - a +3 ring of slaying (right hand)
Wands
 j - a wand of acid (6)
 l - a wand of flame (12)
 r - a wand of enslavement (9)
Potions
 d - 2 potions of flight {unknown}
 g - a potion of lignification {unknown}
 i - 2 potions of heal wounds {unknown}
 n - 2 potions of mutation {unknown}
 p - a potion of berserk rage {unknown}
 q - a potion of might {unknown}
 s - a potion of haste {unknown}
Comestibles
 b - 3 chunks of flesh
 c - 8 rations


   Skills:
 + Level 6.0 Dodging
 - Level 3.0 Stealth
 - Level 4.3 Spellcasting
 * Level 7.4 Conjurations
 * Level 8.1 Fire Magic


You had 2 spell levels left.
You knew the following spells:

 Your Spells              Type           Power        Failure   Level  Hunger
a - Flame Tongue          Conj/Fire      #####        1%          1    None
b - Throw Flame           Conj/Fire      #####.       1%          2    #......
c - Conjure Flame         Conj/Fire      #####...     1%          3    ##.....
f - Blink                 Tloc           N/A          16%         2    #......
z - Fireball              Conj/Fire      #####.....   12%         5    ######.

Your spell library contained the following spells:

 Spells                   Type           Power        Failure   Level  Hunger
 Shock                    Conj/Air       ###.         2%          1    None
 Magic Dart               Conj           ####         1%          1    None
 Call Imp                 Summ           #.......     16%         2    #......
 Slow                     Hex            #.......     16%         2    #......
 Sticky Flame             Conj/Fire      #####...     4%          4    ####...
 Inner Flame              Hex/Fire       ###.....     6%          3    ##.....
 Mephitic Cloud           Conj/Pois/Air  ###.....     11%         3    ##.....


Dungeon Overview and Level Annotations

Branches:
Dungeon (5/15)             Temple (1/1) D:4

Altars:
Ashenzari
Cheibriados
Fedhas
Gozag
Hepliaklqana
Kikubaaqudgha
Makhleb
Nemelex Xobeh
Qazlal
Ru
Sif Muna
Trog
Uskayaw
Vehumet
Wu Jian
Xom
Yredelemnul
Zin
The Shining One

Shops:
D:4 (

Annotations:
D:8 2 transporters, Maurice


Message History

The black bear is moderately wounded.
The black bear changes into a fire bat!
Casting: Flame Tongue (safe; 1% risk of failure)
Confirm with . or Enter, or press ? or * to list all spells.
You can't see any susceptible monsters within range! (Use Z to cast anyway.)
The fire bat barely misses you. The fire bat completely misses you.
The fire bat misses you. The fire bat closely misses you.
The fire bat barely misses you. The fire bat completely misses you.
The fire bat closely misses you. The fire bat bites you.
You are engulfed in flames!
The fire bat closely misses you. The fire bat bites you.
You are engulfed in flames!
The fire bat bites you.
You are engulfed in flames.
* * * LOW HITPOINT WARNING * * *
The fire bat bites you.
* * * LOW HITPOINT WARNING * * *
You are engulfed in flames.
You die...

#...............##.#
#...........P.P....#
#..(.......P.P.....#
#......PP.P.....P.....
#.....P..P..PP.P.P..##
#.......P.P####.P...##
#.............#..P...##
#.......P$.#$ #.......#
#......@.P.####..P..#.#
######.bP.P.P.P.P.....#
##..P.....P...#..#
#.P.P..P........#
##............#.#
###.........##.#
####....### .# ######
.. ..#


You could see a fire bat shaped shifter.

Vanquished Creatures
  A hippogriff (D:8)
  A hungry ghost (D:8)
  A porcupine (D:8)
  An orc warrior (D:8)
  A sky beast (D:8)
  A centaur (D:8)
  A bullfrog (D:8)
  2 scorpions (D:8)
  A howler monkey (D:4)
  A jelly (D:8)
  A centaur zombie (D:2)
  An orc priest (D:8)
  5 orc wizards
  Ijyb (D:3)
  3 iguanas
  7 worker ants
  A killer bee zombie (D:5)
  A hound skeleton (D:5)
  4 gnolls
  4 adders
  A shadow imp (D:5)
  2 oozes (D:2)
  2 dart slugs (D:1)
  4 leopard geckos
  21 orcs
  8 bats
  2 giant cockroaches
  15 goblins
  A hobgoblin (D:3)
  9 jackals
  5 frilled lizards
  A jackal skeleton (D:4)
  10 kobolds
  3 leopard gecko skeletons (D:4)
  2 quokka skeletons
  9 rats
  A fungus (D:8)
135 creatures vanquished.

Vanquished Creatures (others)
  7 fungi (D:8)
  A plant (D:8)
8 creatures vanquished.

Grand Total: 143 creatures vanquished

Notes
Turn   | Place    | Note
-------+----------+-------------------------------------------
     0 | D:1      | zishaf the Deep Elf Fire Elementalist began the quest for
                  | the Orb.
     0 | D:1      | Reached XP level 1. HP: 10/10 MP: 6/6
   161 | D:1      | Reached XP level 2. HP: 15/15 MP: 4/8
   369 | D:1      | Learned a level 2 spell: Throw Flame
   877 | D:2      | Reached XP level 3. HP: 19/19 MP: 7/9
   882 | D:2      | Learned a level 3 spell: Conjure Flame
   981 | D:2      | Reached skill level 4 in Fire Magic
  1233 | D:2      | Reached XP level 4. HP: 22/24 MP: 6/11
  2046 | D:3      | Reached XP level 5. HP: 20/28 MP: 3/13
  2158 | D:3      | Noticed Ijyb
  2163 | D:3      | Killed Ijyb
  3546 | D:4      | Learned a level 5 spell: Fireball
  3561 | D:4      | Reached skill level 5 in Fire Magic
  3681 | D:3      | Reached XP level 6. HP: 32/32 MP: 14/14
  5181 | D:4      | Found Kufef's Antique Weapon Emporium.
  5222 | D:4      | Found a staircase to the Ecumenical Temple.
  5230 | Temple   | Entered the Ecumenical Temple
  5304 | Temple   | Became a worshipper of Vehumet
  5529 | D:5      | Entered Level 5 of the Dungeon
  5653 | D:5      | Reached XP level 7. HP: 36/36 MP: 12/15
  5798 | D:5      | Reached skill level 5 in Conjurations
  5883 | D:5      | Reached skill level 6 in Fire Magic
  5908 | D:5      | Reached * piety under Vehumet
  5908 | D:5      | Offered knowledge of Shock by Vehumet.
  5962 | D:5      | Learned a level 2 spell: Blink
  5978 | D:5      | You fall through a shaft for 3 floors!
  5979 | D:8      | Noticed Maurice
  5992 | D:8      | Found a deep blue altar of Sif Muna.
  6312 | D:8      | Noticed a hippogriff
  6346 | D:8      | Found a radiant altar of Vehumet.
  6485 | D:8      | Found a sparkling altar of Nemelex Xobeh.
  6487 | D:8      | Noticed a vampire mosquito
  6493 | D:8      | Found a transporter.
  6505 | D:8      | Found a transporter.
  6864 | D:8      | Noticed a hungry ghost
  7017 | D:8      | Reached skill level 5 in Dodging
  7021 | D:8      | Killed a hungry ghost
  7021 | D:8      | Reached skill level 7 in Fire Magic
  7021 | D:8      | Reached XP level 8. HP: 38/41 MP: 7/16
  7213 | D:8      | Killed a hippogriff
  7396 | D:8      | Reached skill level 8 in Fire Magic
  7523 | D:8      | Slain by a fire bat (shapeshifter)

Vault maps used:
D:1:      zelgadis_glass_arrival_small
D:2:      columned_hall_lemuel
D:3:      first_ration, uniq_ijyb
D:4:      minmay_temple_entry_junction_2, serial_shops, kennysheep_mini
D:8:      gammafunk_temple_overflow_arena, lemuel_blue_sif_altar,
          grunt_lair_entry_orc_guard_hut, basic_altar, uniq_maurice
Temple:   regret_index_temple_chain_breaker

Skill      XL: |  1  2  3  4  5  6  7  8 |
---------------+-------------------------+-----
Conjurations   | 2 3 4 6 7 |  7.4
Stealth        | 3 |  3.0
Fire Magic     | 4 5 7 8 |  8.1
Dodging        | 3 4 5 6 |  6.0
Spellcasting   | 4 |  4.3

Action                   |  1- 3 |  4- 6 |  7- 9 || total
-------------------------+-------+-------+-------++-------
Melee: Unarmed           |     2 |       |       ||     2
       Whip              |       |    49 |     5 ||    54
 Cast: Flame Tongue      |    52 |   149 |    79 ||   280
       Throw Flame       |       |     4 |     3 ||     7
       Conjure Flame     |       |     1 |    10 ||    11
       Fireball          |       |       |     2 ||     2
Evoke: Wand              |       |     5 |       ||     5
  Use: Scroll            |       |     2 |     5 ||     7
 Stab: Sleeping          |       |     2 |     1 ||     3
  Eat: Chunk             |       |     8 |     4 ||    12
       Ration            |       |     2 |     1 ||     3
Armor: Robe              |     4 |    25 |     3 ||    32
Dodge: Dodged            |    12 |    81 |    16 ||   109

Table legend:
 A = Non-vault XP
 B = Vault XP
 C = Vault XP percentage of total XP
 D = Non-vault monster count
 E = Vault monster count
 F = Vault count percentage of total count
                 A         B        C        D         E       F
            +---------+---------+-------+---------+---------+-------
      Total |    1864 |     455 |  19.6 |     129 |       5 |   3.7
            +---------+---------+-------+---------+---------+-------
        D:1 |      36 |       0 |   0.0 |      22 |       0 |   0.0
        D:2 |     127 |       0 |   0.0 |      22 |       0 |   0.0
        D:3 |     190 |      39 |  17.0 |      33 |       1 |   2.9
        D:4 |     282 |       0 |   0.0 |      25 |       0 |   0.0
        D:5 |     187 |       0 |   0.0 |      13 |       0 |   0.0
        D:8 |    1042 |     416 |  28.5 |      14 |       4 |  22.2
            +---------+---------+-------+---------+---------+-------
